 Dungeon Crawl Stone Soup version 0.31.0-32-g396128a36d (webtiles) character file.

Game seed: 3333844556073624396

98 bairyn the Magician (level 4, -1/42 HPs)
             Began as an Oni Fire Elementalist on Apr 11, 2024.
             Slain by a gnoll
             ... wielding a +0 flail
              (11 damage)
             ... on level 2 of the Dungeon.
             The game lasted 00:08:38 (1667 turns).

bairyn the Magician (Oni Fire Elementalist)         Turns: 1667, Time: 00:08:38

Health: -1/42      AC:  3    Str: 12    XL:     4   Next: 71%
Magic:  0/9        EV:  5    Int: 18    God:
Gold:   136        SH:  0    Dex:  9    Spells: 5/10 levels left

rFire   . . .        a - +0 short sword
rCold   . . .        (no shield)
rNeg    . . .        k - +0 robe
rPois   .            (helmet restricted)
rElec   .            (no cloak)
rCorr   .            (gloves unavailable)
SInv    .            (boots unavailable)
Will    .....        (no amulet)
Stlth   +            (no ring)
HPRegen 0.27/turn    (no ring)
MPRegen 0.11/turn

%: no passive effects
@: held
A: large, unfitting armour, horns 1, tough skin 1, double potion healing,
drunken brawling
a: no special abilities


You were on level 2 of the Dungeon.
You visited 1 branch of the dungeon, and saw 3 of its levels.

You collected 136 gold pieces.

Inventory:

Hand Weapons
 a - a +0 short sword (weapon)
 m - a +0 whip
Armour
 k - a +0 robe (worn)
 l - a +0 kite shield
Scrolls
 c - 2 scrolls of enchant weapon {unknown}
 d - 2 scrolls of identify {unknown}
 e - a scroll of fog {unknown}
 g - a scroll of amnesia {unknown}
 j - a scroll of noise {unknown}
Potions
 b - 2 potions of magic
 f - a potion of degeneration {unknown}
 h - a potion of might {unknown}
 i - a potion of enlightenment {unknown}


   Skills:
 - Level 2.0 Fighting
 - Level 1.7 Dodging
 - Level 1.4 Stealth
 * Level 3.5 Spellcasting
 * Level 2.0 Conjurations
 * Level 3.4 Fire Magic


You had 5 spell levels left.
You knew the following spells:

 Your Spells              Type           Power      Damage    Failure   Level
n - Foxfire               Conj/Fire      48%        2x1d6     4%          1
D - Flame Wave            Conj/Fire      12%        2d6       45%         4

Your spell library contained the following spells:

 Spells                   Type           Power      Damage    Failure   Level
 Scorch                   Fire           30%        2d6       6%          2
 Necrotise                Necr           12%        1d4       16%         1
 Inner Flame              Hex/Fire       9%         N/A       22%         3
 Volatile Blastmotes      Fire/Tloc      18%        2d11      22%         3
 Ensorcelled Hibernation  Hex/Ice        6%         N/A       24%         2
 Passwall                 Erth           3%         N/A       43%         3
 Swiftness                Air            3%         N/A       43%         3
 Vampiric Draining        Necr           3%         2d6       43%         3
 Leda's Liquefaction      Alch/Erth      1%         N/A       83%         4
 Martyr's Knell           Necr/Summ      3%         N/A       83%         4
 Irradiate                Conj/Alch      3%         3d12      96%         5
 Curse of Agony           Necr           3%         N/A       99%         5
 Lee's Rapid Deconstruct  Erth           1%         3d4*      99%         5
 Bombard                  Conj/Erth      3%         9d1       100%        6
 Ignition                 Fire           7%         3d5       100%        8


Dungeon Overview and Level Annotations

Branches:
Dungeon (3/15)

Altars:

Annotations:
D:2 Terence


Innate Abilities, Weirdness & Mutations

You are too large for most types of armour.
You have a pair of small horns on your head.
You have tough skin. (AC +1)
You gain doubled healing and magic from potions.
Whenever you drink a healing potion, you attack all around you.


Message History

You conjure some foxfire!
The gnoll hits you but does no damage.
Your foxfire dissipates!
The foxfire hits the gnoll but does no damage.
The gnoll throws a throwing net.
The throwing net hits you.
You become entangled in the net!
You see here a throwing net.
Casting: Foxfire (safe; 4% risk of failure)
Confirm with . or Enter, or press ? or * to list all spells.
You conjure some foxfire!
You struggle against the net.
The foxfire hits the gnoll.
The gnoll is moderately wounded.
The gnoll hits you from afar with a +0 spear.
You struggle against the net.
The gnoll hits you from afar with a +0 spear!
You tear a large gash into the net.
The gnoll barely misses you.
Casting: Foxfire (safe; 4% risk of failure)
Confirm with . or Enter, or press ? or * to list all spells.
You conjure some foxfire!
The gnoll hits you from afar with a +0 spear.
You shred the net and break free!
The foxfire hits the gnoll.
The gnoll is heavily wounded.
The gnoll hits you from afar with a +0 spear!
* * * LOW HITPOINT WARNING * * *
Your foxfire dissipates!
Okay, then.
Okay, then.
Okay, then.
You aren't carrying any items that you can evoke.
Casting: Foxfire (safe; 4% risk of failure)
Confirm with . or Enter, or press ? or * to list all spells.
Casting: Flame Wave (extremely dangerous; 45% risk of failure)
Press: ? - help, Dir - look around, f - activate A wave of flame ripples out! (Press . to intensify the flame waves.) Without enough magic to sustain them, the waves of flame dissipate.
The gnoll barely misses you.
The gnoll throws a throwing net.
The throwing net hits you.
You become entangled in the net!
Unknown command.
You struggle against the net.
The gnoll hits you with a +0 flail!
You die...

#.# #......# #.# #.#
######## #.## #.#
#... #.##### ###
#### #.#...## ##.##
#..###.####.#.## ##
#†.# #.....###.# #.
#.g###.####.#.#####.
#..@.g## ##.....@<.
####### ########. #.
#. ## .. .#


You could see 2 gnolls.

Vanquished Creatures
  Jessica (D:2)
  A gnoll (D:2)
  An adder (D:2)
  2 dart slugs (D:1)
  2 ball pythons
  4 bats
  7 endoplasms
  A giant cockroach (D:1)
  A goblin (D:1)
  2 hobgoblins (D:1)
  8 jackals
  A kobold (D:1)
  4 quokkas (D:1)
  6 frilled lizards
  5 rats
46 creatures vanquished.

Vanquished Creatures (others)
  133 foxfires
133 creatures vanquished.

Grand Total: 179 creatures vanquished

Notes
Turn   | Place    | Note
-------+----------+-------------------------------------------
     0 | D:1      | bairyn the Oni Fire Elementalist began the quest for the
                  | Orb.
     0 | D:1      | Reached XP level 1. HP: 16/16 MP: 3/3
    98 | D:1      | Reached skill level 1 in Conjurations
   270 | D:1      | Reached XP level 2. HP: 26/26 MP: 2/5
   306 | D:2      | Noticed Jessica
   311 | D:2      | Killed Jessica
   312 | D:2      | Reached skill level 1 in Fighting
   312 | D:2      | Reached XP level 3. HP: 33/33 MP: 0/7
   902 | D:1      | Reached XP level 4. HP: 36/41 MP: 5/8
  1001 | D:2      | Noticed Terence
  1399 | D:2      | Learned a level 4 spell: Flame Wave
  1667 | D:2      | Slain by a gnoll

Illustrated notes

Levels and vault maps discovered:
D:1:      lemuel_arrival_hallway, layout_loops_cross, columned_hall_lemuel
D:2:      layout_loops_cross, uniq_terence, uniq_jessica, uniq_sigmund
D:3:      layout_loops_ring

Skill      XL: |  1  2  3  4 |
---------------+-------------+-----
Conjurations   | 1 2 |  2.0
Fighting       | 1 2 |  2.0
Spellcasting   | 3 |  3.5
Fire Magic     | 3 |  3.4
Dodging        | |  1.7
Stealth        | |  1.4

Action                     |  1- 3 |  4- 6 || total
---------------------------+-------+-------++-------
  Melee: Short sword       |       |     1 ||     1
         Unarmed           |       |     1 ||     1
   Cast: Foxfire           |    46 |    41 ||    87
         Flame Wave        |       |     1 ||     1
 Armour: Robe              |    22 |    30 ||    52
  Dodge: Dodged            |    16 |    17 ||    33
